 Dungeon Crawl Stone Soup version 0.22-a0-348-gd16d139 (webtiles) character file.

22 zero the Sneak (level 2, -1/13 HPs)
             Began as a Spriggan Enchanter on Apr 9, 2018.
             Slain by a goblin
             ... wielding a +0 dagger
              (3 damage)
             ... on level 1 of the Dungeon.
             The game lasted 00:02:40 (767 turns).

zero the Sneak (Spriggan Enchanter)                  Turns: 767, Time: 00:02:41

Health: -1/13      AC:  2    Str:  4    XL:     2   Next: 68%
Magic:  0/6        EV: 18    Int: 16    God:
Gold:   15         SH:  0    Dex: 16    Spells: 3/6 levels left

rFire    . . .     SeeInvis +   a - +1 dagger
rCold    . . .     Gourm    .   (shield restricted)
rNeg     . . .     Faith    .   b - +0 robe
rPois    .         Spirit   .   (helmet restricted)
rElec    .         Reflect  .   (no cloak)
rCorr    .         Harm     .   (gloves unavailable)
MR       .....                  (boots unavailable)
Stlth    +++.......             (no amulet)
HPRegen  0.04/turn              (no ring)
MPRegen  0.10/turn              (no ring)

@: very quick
A: very small, unfitting armour, see invisible, herbivore, speed 3, slow
metabolism 2
a: no special abilities


You were on level 1 of the Dungeon.
You were not hungry.

You visited 1 branch of the dungeon, and saw 2 of its levels.

You collected 15 gold pieces.

Inventory:

Hand Weapons
 a - a +1 dagger (weapon)
Armour
 b - a +0 robe (worn)
Potions
 c - a potion of agility {unknown}
 e - a potion of flight {unknown}
 f - a potion of resistance {unknown}
Comestibles
 d - 3 rations


   Skills:
 + Level 2.2 Short Blades
 - Level 3.0 Dodging
 + Level 5.3 Stealth
 - Level 2.6 Spellcasting
 - Level 3.6 Hexes


You had 3 spell levels left.
You knew the following spells:

 Your Spells              Type           Power        Failure   Level  Hunger
a - Corona                Hex            ##.....      4%          1    #......
b - Ensorcelled Hibernat  Hex/Ice        #.....       14%         2    ##.....


Dungeon Overview and Level Annotations

Branches:
Dungeon (2/15)

Altars:


Innate Abilities, Weirdness & Mutations

You are very small and have problems with some larger weapons.
You are too small for most types of armour.
You have supernaturally acute eyesight. (SInv)
You are a herbivore.
You cover ground extremely quickly.
You need to consume almost no food.


Message History

Confirm with . or Enter, or press ? or * to list all spells.
Aiming: Ensorcelled Hibernation (safe; 14% risk of failure)
Press: ? - help, Shift-Dir - straight line, f/p - jackal
Aim: a jackal (chance to defeat MR: 56%)
The jackal looks drowsy...
The goblin hits you but does no damage.
The helpless jackal fails to defend itself.
You impale the jackal!!
You kill the jackal!
The goblin closely misses you.
You hit the goblin.
The goblin is heavily wounded.
The goblin closely misses you.
You closely miss the goblin.
The goblin is heavily wounded.
The goblin hits you with a dagger.
* * * LOW HITPOINT WARNING * * *
You completely miss the goblin.
The goblin is heavily wounded.
The goblin hits you with a dagger.
You die...

#....[.......##.###### #.....
#######.##.#........#######.##
#.#...†...÷.............
#.#..#.#...##.........##
#.#..#.#...##########.##
###..>....................
#...........##############
#..........##.........'...
#........@.##..(......'...
##.......g..#.........'...
#..........#...##########
#..........#...#.....'...
#..........#...#.....'...
#....).....#...#.....'...
#..........#...#...###...
#..........#...#...#<##''
#......)...#'''#'''#'##..


You could see a goblin.

Vanquished Creatures
  A gnoll (D:1)
  A bat (D:1)
  A hobgoblin (D:1)
  3 jackals (D:1)
  A kobold (D:1)
  A ball python (D:1)
  4 frilled lizards (D:1)
  A rat (D:1)
13 creatures vanquished.

Notes
Turn   | Place    | Note
-------+----------+-------------------------------------------
     0 | D:1      | zero the Spriggan Enchanter began the quest for the Orb.
     0 | D:1      | Reached XP level 1. HP: 9/9 MP: 5/5
   306 | D:1      | Reached skill level 5 in Stealth
   306 | D:1      | Reached XP level 2. HP: 13/13 MP: 6/6
   310 | D:1      | Learned a level 2 spell: Ensorcelled Hibernation
   767 | D:1      | Slain by a goblin

Vault maps used:
D:1:      minmay_arrival_widening_spiral_wide, serial_forest,
          infiniplex_forest_corner_1, infiniplex_forest_straight_4,
          infiniplex_forest_clump_medium, infiniplex_forest_straight_2,
          infiniplex_forest_lined_1, infiniplex_forest_straight_3,
          infiniplex_forest_lined_3_way, infiniplex_forest_lined_1
D:2:      kennysheep_okawaru_gauntlet, tso_oasis_becter, first_ration

Skill      XL: |  1 |
---------------+----+-----
Short Blades   | 2 |  2.2
Stealth        | 5 |  5.3
Dodging        | |  3.0
Spellcasting   | |  2.6
Hexes          | |  3.6

Action                   || total
-------------------------++-------
Melee: Dagger            ||    42
 Cast: Corona            ||     1
       Ensorcelled Hiber ||     6
 Stab: Sleeping          ||     7
Armor: Robe              ||     1
Dodge: Dodged            ||    36

Table legend:
 A = Spawn XP
 B = Non-spawn XP
 C = Spawn XP percentage of total XP
 D = Spawn monster count
 E = Non-spawn monster count
 F = Spawn count percentage of total count
 G = Total turns spent on level
                    A         B        C        D         E        F      G
               +---------+---------+-------+---------+---------+-------+---------
         Total |       0 |      32 |   0.0 |       0 |      13 |   0.0 |   767
               +---------+---------+-------+---------+---------+-------+---------
           D:1 |       0 |      32 |   0.0 |       0 |      13 |   0.0 |   765
               +---------+---------+-------+---------+---------+-------+---------
